 Dungeon Crawl Stone Soup version 0.30.1-11-g7821555f0a (webtiles) character file.

Game seed: 6533361770610340067

123 safid the Conjurer (level 5, -4/48 HPs)
             Began as a Gargoyle Reaver on Dec 11, 2023.
             Slain by a wight
             ... wielding a +1 falchion
              (7 damage)
             ... on level 3 of the Dungeon.
             The game lasted 00:02:37 (1801 turns).

safid the Conjurer (Gargoyle Reaver)                Turns: 1801, Time: 00:02:37

Health: -4/48      AC: 22    Str: 18    XL:     5   Next: 7%
Magic:  9/9        EV:  2    Int: 13    God:
Gold:   80         SH:  0    Dex:  8    Spells: 9/10 levels left

rFire   . . .        a - +0 mace
rCold   . . .        (no shield)
rNeg    + . .        h - melded +3 ring mail {rC+}
rPois   ∞            (helmet currently unavailable)
rElec   .            (cloak currently unavailable)
rCorr   .            (gloves currently unavailable)
SInv    .            (boots currently unavailable)
Will    .....        (no amulet)
Stlth   +            (no ring)
HPRegen 0.28/turn    (no ring)
MPRegen 0.11/turn

%: no passive effects
@: tree-form
A: stationary, stasis, torment immunity, boosted hp, sickness immunity, AC +4,
negative energy resistance 1, (electricity resistance), torment resistance 1,
petrification resistance
a: no special abilities


You were on level 3 of the Dungeon.
You were a tree.
You visited 1 branch of the dungeon, and saw 3 of its levels.

You collected 80 gold pieces.

Inventory:

Hand Weapons
 a - a +0 mace (weapon)
Armour
 h - a +3 ring mail of cold resistance (melded)
Scrolls
 b - 2 scrolls of poison {unknown}
 c - 3 scrolls of immolation
 d - 4 scrolls of identify {unknown}
 g - a scroll of blinking {unknown}
 i - a scroll of enchant armour {unknown}


   Skills:
 + Level 3.4 Fighting
 - Level 3.0 Maces & Flails
 + Level 1.4 Armour
 - Level 1.5 Dodging
 + Level 3.0 Spellcasting
 + Level 4.3 Conjurations


You had 9 spell levels left.
You knew the following spells:

 Your Spells              Type           Power      Damage    Failure   Level
a - Kiss of Death         Conj/Necr      28%        2d7       10%         1

Your spell library contained the following spells:

 Spells                   Type           Power      Damage    Failure   Level
 Momentum Strike          Conj/Tloc      14%        3d8       14%         2
 Hailstorm                Conj/Ice       7%         3d4       28%         3


Dungeon Overview and Level Annotations

Branches:
Dungeon (3/15)

Altars:


Innate Abilities, Weirdness & Mutations

You are a tree.
Your roots penetrate the ground, keeping you stationary.
You cannot be teleported.
You are immune to unholy pain and torment.
Your maximum health is greatly increased.
Your equipment is partially melded.
You are immune to sickness and miasma.
((Your stone body is resilient. (AC +4)))
You are immune to poison.
You resist negative energy. (rN+)
((You are resistant to electric shocks. (rElec)))
You are resistant to unholy torment.
You are immune to petrification.


Message History

You hit the wight but do no damage.
The wight is severely damaged.
The wight hits you with a +0 flail.
You barely miss the wight.
The wight is severely damaged.
The wight hits you with a +0 flail. x2
* * * LOW HITPOINT WARNING * * *
You hit the wight.
You destroy the wight!
Your Armour skill increases to level 1!
Your Spellcasting skill increases to level 3!
You have reached level 5!
Unknown command.
Unknown command.
It was a potion of curing.
You feel better. The wight hits you with a +1 falchion!
* * * LOW HITPOINT WARNING * * *
You hit the wight but do no damage. Your punch misses the wight.
The wight is moderately damaged.
The wight closely misses you.
You hit the wight but do no damage.
The wight is moderately damaged.
The wight hits you with a +1 falchion.
* * * LOW HITPOINT WARNING * * *
It was a potion of lignification.
You turn into a tree.
Your +3 ring mail of cold resistance melds into your body.
You feel less resistant to cold.
Your roots penetrate the ground.
The wight hits you with a +1 falchion.
* * * LOW HITPOINT WARNING * * *
Unknown command.
You barely miss the wight.
The wight is moderately damaged.
The wight hits you but does no damage. x2
You hit the wight.
The wight is heavily damaged.
The wight barely misses you.
You hit the wight.
The wight is almost destroyed.
The wight hits you with a +1 falchion!
You die...

#..##.###### ##..).......#
###.## ... ##..†######.# #
.....# $.. ##.#....# .#
#.#..# .... ##.####.###+##.#
#.#..#..... ##.#
#........#.##.#.##.....
##.####........#...........z.
##.##..........####........#
#. #..........+♣zz[..##.#
#....[.....#####.....#
#..........# ##...###
#..........# #......#
#....###.######....#.# +....#
#.###.......#.# #####....#
#.##..###.#.# # ..#...)..#
#.#...[...#.# #.#..##.##
#....######.#


You could see 2 wights.

Vanquished Creatures
  A wight (D:3)
  2 adders
  3 dart slugs (D:1)
  3 bats
  4 endoplasms
  5 goblins
  7 hobgoblins
  A quokka (D:2)
  4 ball pythons
  3 frilled lizards
  7 kobolds
  7 rats
47 creatures vanquished.

Notes
Turn   | Place    | Note
-------+----------+-------------------------------------------
     0 | D:1      | safid the Gargoyle Reaver began the quest for the Orb.
     0 | D:1      | Reached XP level 1. HP: 12/12 MP: 3/3
   294 | D:1      | Reached XP level 2. HP: 7/18 MP: 5/5
   396 | D:1      | Found a faded altar of an unknown god.
   774 | D:2      | Reached XP level 3. HP: 22/22 MP: 6/6
  1335 | D:2      | Reached skill level 4 in Conjurations
  1609 | D:3      | Reached XP level 4. HP: 17/28 MP: 8/8
  1795 | D:3      | Reached skill level 1 in Armour
  1795 | D:3      | Reached XP level 5. HP: 6/32 MP: 9/9
  1798 | D:3      | HP: 2/48 [wight/+1 falchion (2)]
  1801 | D:3      | Slain by a wight

Illustrated notes

Levels and vault maps discovered:
D:1:      ncdulo_lavacross, layout_loops_ring, hellmonk_ecumenical_altar_blasted
D:2:      layout_basic
D:3:      layout_basic, fedhas_ov_isle_minmay

Skill      XL: |  1  2  3  4 |
---------------+-------------+-----
Conjurations   | 4 |  4.3
Fighting       | 3 |  3.4
Armour         | 1 |  1.4
Spellcasting   | 3 |  3.0
Maces & Flails | |  3.0
Dodging        | |  1.5

Action                     |  1- 3 |  4- 6 || total
---------------------------+-------+-------++-------
  Melee: Mace              |   113 |    43 ||   156
         Punch             |     1 |     1 ||     2
    Use: Potion            |       |     2 ||     2
 Armour: Leather armour    |    15 |       ||    15
         Ring mail         |    41 |    19 ||    60
         Skin              |       |     2 ||     2
  Dodge: Dodged            |    64 |    28 ||    92
